 Dungeon Crawl Stone Soup version 0.32-a0-422-g28b100f618 (webtiles) character file.

Game seed: 18429799056027669917

480 lunkers the Cutter (level 7, 0/51 HPs)
             Began as a Coglin Brigand on Feb 21, 2024.
             Succumbed to Ijyb's poison
             ... on level 3 of the Dungeon.
             The game lasted 00:03:09 (2723 turns).

lunkers the Cutter (Coglin Brigand)                 Turns: 2723, Time: 00:03:10

Health: 0/51       AC:  7    Str: 14    XL:     7   Next: 12%
Magic:  16/16      EV: 11    Int: 10    God:
Gold:   136        SH:  0    Dex: 15    Spells: 6/6 levels left

rFire   . . .        a - +2 dagger {Agam}
rCold   . . .        g - +0 dagger {Francisco}
rNeg    . . .        j - +0 ring mail
rPois   .            (no helmet)
rElec   .            c - +0 cloak
rCorr   .            i - +0 pair of gloves
SInv    .            (no boots)
Will    .....        (no amulet)
Stlth   ++           l - ring of magical power
HPRegen 0.28/turn    (no ring)
MPRegen 0.15/turn

%: no passive effects
@: lethally poisoned (0 -> -6), attractive, revving
A: off-hand wielding, slow wielding, warmup strikes, legs shutdown
a: no special abilities


You were on level 3 of the Dungeon.
You visited 1 branch of the dungeon, and saw 3 of its levels.

You collected 136 gold pieces.

Inventory:

Hand Weapons
 a - a +2 dagger (weapon) {Agam}
 g - a +0 dagger (offhand) {Francisco}
 r - a +0 vampiric dagger
Missiles
 d - 9 poisoned darts
 e - a curare-tipped dart
Armour
 b - a +0 robe
 c - a +0 cloak (worn)
 i - a +0 pair of gloves (worn)
 j - a +0 ring mail (worn)
Jewellery
 l - a ring of magical power (left grasper)
Scrolls
 h - 3 scrolls of identify {unknown}
 o - a scroll of enchant weapon {unknown}
 p - a scroll of enchant armour {unknown}
 q - a scroll of fear {unknown}
Potions
 f - a potion of attraction
 m - a potion of enlightenment
 n - a potion of brilliance


   Skills:
 + Level 2.8 Fighting
 + Level 6.2 Short Blades
 - Level 1.7 Throwing
 + Level 1.9 Dodging
 - Level 3.2 Stealth


You had 6 spell levels left.
You didn't know any spells.
Your spell library was empty.

Dungeon Overview and Level Annotations

Branches:
Dungeon (3/15)

Altars:
Hepliaklqana


Innate Abilities, Weirdness & Mutations

You can wield a second weapon in your off-hand.
It takes a long time for you to wield or remove held weapons.
Your first few attacks do less damage.
Attacking and casting redirects power from your legs.


Message History

Ijyb is severely wounded.
You barely miss Ijyb with your +2 dagger.
* * * LOW HITPOINT WARNING * * *
You feel very sick.
You hit Ijyb with your +2 dagger.
Ijyb is almost dead.
You barely miss Ijyb with your +0 dagger.
* * * LOW HITPOINT WARNING * * *
You feel very sick.
Ijyb zaps a wand.
You resist with some effort.
Unknown command.
Throw: 2 darts (curare)
Press: ? - help, Shift-Dir - straight line, f/p - Ijyb
Aim: Ijyb, wielding a +1 dagger of venom, wearing a +0 leather armour and carrying a wand of paralysis (almost dead, very poisoned, slow, 47% to hit)
You throw a curare-tipped dart. The curare-tipped dart hits Ijyb.
Ijyb looks as sick as possible!
Ijyb struggles to breathe.
You kill Ijyb!
* * * LOW HITPOINT WARNING * * *
You feel very sick.
Unknown command.
Okay, then.
It was a potion of attraction.
You feel attractive to monsters.
You are no longer unable to travel.
* * * LOW HITPOINT WARNING * * *
You feel very sick.
It was a potion of enlightenment.
You feel very buoyant.
You fly up into the air.
* * * LOW HITPOINT WARNING * * *
You feel sick.
It was a potion of brilliance.
You feel clever all of a sudden.
* * * LOW HITPOINT WARNING * * *
You feel sick.
It was a potion of cancellation.
Your magical effects are unravelling.
You feel magically purged.
You float gracefully downwards.
You feel a little less clever now.
Your enlightenment fades.
You die...

#..<.....g.. ...(.......
##.......... #...........
#..........# #..........# #####
#..........# ##...##
#...(.......# . #~._.~#
##..@.....#..#######. #~...~###
##.................. #≈...~#.##
#.................
#~...~#..####.........#......#
#~...~#...............#......#
##...##......................##
##)###...............#.......#
#.##.....))†........#........
#...................#......##


There were no monsters in sight!

Vanquished Creatures
  Grinder (D:3)
  A centaur (D:3)
  Jessica (D:2)
  Ijyb (D:3)
  Natasha (thrice) (D:2)
  3 adders (D:2)
  A dart slug (D:2)
  4 bats
  4 endoplasms
  A giant cockroach (D:3)
  4 goblins
  6 hobgoblins
  A quokka (D:2)
  3 ball pythons
  A frilled lizard (D:1)
  2 kobolds
  3 rats
  A spectral goblin (D:3)
41 creatures vanquished.

Notes
Turn   | Place    | Note
-------+----------+-------------------------------------------
     0 | D:1      | lunkers the Coglin Brigand began the quest for the Orb.
     0 | D:1      | Reached XP level 1. HP: 16/16 MP: 1/1
     9 | D:1      | Reached skill level 2 in Short Blades
   389 | D:1      | Found a faded altar of an unknown god.
   679 | D:1      | Reached XP level 2. HP: 22/22 MP: 2/2
  1251 | D:2      | Reached skill level 3 in Short Blades
  1251 | D:2      | Reached XP level 3. HP: 27/27 MP: 3/3
  1252 | D:2      | Noticed Jessica
  1258 | D:2      | Killed Jessica
  1338 | D:2      | Noticed Natasha
  1349 | D:2      | Killed Natasha
  1350 | D:2      | Reached skill level 4 in Short Blades
  1350 | D:2      | Reached XP level 4. HP: 14/33 MP: 4/4
  1978 | D:2      | Noticed Natasha
  1987 | D:2      | Killed Natasha
  1988 | D:2      | Reached XP level 5. HP: 20/38 MP: 5/5
  2314 | D:2      | Noticed Natasha
  2328 | D:2      | Killed Natasha
  2329 | D:2      | Reached skill level 5 in Short Blades
  2440 | D:3      | Noticed a centaur
  2461 | D:3      | Noticed Grinder
  2462 | D:3      | Paralysed by Grinder for 3 turns
  2484 | D:3      | Killed Grinder
  2485 | D:3      | Reached skill level 6 in Short Blades
  2485 | D:3      | Reached skill level 1 in Dodging
  2485 | D:3      | Reached XP level 6. HP: 34/44 MP: 6/6
  2580 | D:3      | Reached XP level 7. HP: 34/51 MP: 7/7
  2672 | D:3      | Found a hazy altar of Hepliaklqana.
  2701 | D:3      | Noticed Ijyb
  2719 | D:3      | Killed Ijyb
  2722 | D:3      | HP: 2/51 [poisoned by Ijyb]
  2723 | D:3      | Succumbed to Ijyb's poison

Illustrated notes

Levels and vault maps discovered:
D:1:      spicycebolla_arrival_xxxplode, layout_loops_ring,
          shapermc_ecumenical_altar_mp_highgroup, patterned_corridor
D:2:      layout_rooms, serial_co_window_serial, co_window_paths_a,
          co_window_of_opportunity_a, co_window_corner_a, co_window_paths_b,
          co_window_corner_a, co_window_unsneaky_path_a, co_window_corner_ca,
          co_window_broadway_a, co_window_2corner, co_window_4corner_b,
          co_window_paths_e, glass_columns_a, glass_columns_a, glass_columns_b,
          glass_columns_a, glass_columns_a, uniq_natasha, uniq_jessica
D:3:      layout_rooms, nicolae_hepliaklqana_monster_ancestors,
          minmay_overflow_temple_hex, uniq_ijyb, uniq_crazy_yiuf_cottage,
          uniq_grinder

Skill      XL: |  1  2  3  4  5 |
---------------+----------------+-----
Short Blades   | 2 3 4 6 |  6.2
Dodging        | 1 |  1.9
Fighting       | |  2.8
Throwing       | |  1.7
Stealth        | |  3.2

Action                     |  1- 3 |  4- 6 |  7- 9 || total
---------------------------+-------+-------+-------++-------
  Melee: Dagger            |    47 |   150 |    43 ||   240
  Throw: Dart              |       |     2 |     4 ||     6
    Use: Potion            |       |       |     4 ||     4
   Stab: Sleeping          |     1 |     4 |       ||     5
 Armour: Robe              |     3 |       |       ||     3
         Ring mail         |     5 |    54 |    15 ||    74
  Dodge: Dodged            |    14 |    46 |     7 ||    67

Table legend: (Time is in decaauts)
 A = Elapsed time spent in this place.
 B = Non-inter-level travel time spent in this place.
 C = Inter-level travel time spent in this place.
 D = Time resting spent in this place.
 E = Time spent auto-exploring this place.
 F = Levels seen in this place.
 G = Mean time per level.
                   A        B        C        D        E       F      G
               +--------+--------+--------+--------+--------+-----+--------+
         Total |   2690 |   2343 |    347 |      0 |   2014 |   3 |  896.7 |
       Dungeon |   2690 |   2343 |    347 |      0 |   2014 |   3 |  896.7 |
               +--------+--------+--------+--------+--------+-----+--------+

Top non-repeatable levels by time:
     D:2: 1237 daAuts
     D:1: 1152 daAuts
     D:3: 300 daAuts
